 Dungeon Crawl Stone Soup version 0.31-a0-536-ga3e2962e35 (console) character file.

Game seed: 16766704890292108573

957 Lexodia the Cudgeller (level 8, -2/120 HPs)
             Began as an Ogre Gladiator on Aug 13, 2023.
             Was a Believer of Okawaru.
             Slain by a vampire mosquito (6 damage)
             ... on level 5 of the Dungeon.
             The game lasted 00:11:32 (5477 turns).

Lexodia the Cudgeller (Ogre Gladiator)              Turns: 5477, Time: 00:11:32

Health: -2/120     AC: 10    Str: 21    XL:     8   Next: 14%
Magic:  7/9        EV: 14    Int:  9    God:    Okawaru [**....]
Gold:   448        SH:  0    Dex: 16    Spells: 7/7 levels left

rFire   . . .        v - +0 flail (protect)
rCold   . . .        (no shield)
rNeg    . . .        u - +0 robe {Will+}
rPois   .            c - +0 hat
rElec   .            (no cloak)
rCorr   .            (gloves unavailable)
SInv    .            (boots unavailable)
Will    +....        (no amulet) Stlth
                     f - ring of wizardry
HPRegen 0.40/turn    y - +6 ring of dexterity
MPRegen 0.11/turn

%: wizardry (x1)
@: berserking (expiring), heroic, under a protective aura, very quick
A: large, unfitting armour, tough skin 1
a: Renounce Religion, Heroism


You were on level 5 of the Dungeon.
You worshipped Okawaru.
Okawaru was pleased with you.
You visited 1 branch of the dungeon, and saw 5 of its levels.

You collected 448 gold pieces.

Inventory:

Hand Weapons
 a - a +0 flail
 v - a +0 flail of protection (weapon)
Missiles
 d - 3 throwing nets
 e - a large rock
 t - 15 stones (quivered)
Armour
 b - a +0 robe
 c - a +0 hat (worn)
 u - a +0 robe of willpower (worn)
Jewellery
 f - a ring of wizardry (left hand)
 y - a +6 ring of dexterity (right hand)
Wands
 h - a wand of digging (1)
 w - a wand of flame (5)
Scrolls
 g - a scroll of poison {unknown}
 i - 2 scrolls of fear {unknown}
 j - a scroll of fog {unknown}
 k - 3 scrolls of identify {unknown}
 m - a scroll of noise {unknown}
 q - a scroll of revelation {unknown}
 r - a scroll of immolation
 s - a scroll of amnesia {unknown}
 x - a scroll of torment {unknown}
Potions
 n - a potion of degeneration {unknown}
 o - a potion of curing
 z - a potion of enlightenment {unknown}


   Skills:
 + Level 5.1(10.1) Fighting
 * Level 6.6(11.6) Maces & Flails
 + Level 4.9(9.9) Throwing
 - Level 3.0(8.0) Dodging
 - Level 2.0 Invocations


You had 7 spell levels left.
You didn't know any spells.
Your spell library contained the following spells:

 Spells                   Type           Power      Damage    Failure   Level
 Poisonous Vapours        Pois/Air       0%         N/A       24%         2
 Sublimation of Blood     Necr           0%         N/A       24%         2
 Wereblood                Tmut           0%         N/A       24%         2
 Mephitic Cloud           Conj/Pois/Air  0%         N/A       43%         3
 Stone Arrow              Conj/Erth      0%         3d7       43%         3
 Freezing Cloud           Conj/Ice/Air   0%         6-21      98%         5
 Lehudib's Crystal Spear  Conj/Erth      0%         10d2      100%        8
 Animate Armour           Summ/Erth      Unusable   N/A       N/A         4
 Summon Hydra             Summ           Unusable   N/A       N/A         7

Dungeon Overview and Level Annotations

Branches:
Dungeon (5/15)
 Temple: D:4-7

Altars:
Nemelex Xobeh
Okawaru
Trog

Shops:
D:5 (

Annotations:
D:3 1 runed translucent door, vurker's ghost, weakling FeAE


Innate Abilities, Weirdness & Mutations

You are too large for most types of armour.
You have tough skin. (AC +1)


Message History

The vampire mosquito closely misses you.
Damage: -3%(-3hp) hp: 13%(15hp)
You closely miss the vampire mosquito.
The vampire mosquito is heavily damaged.
The vampire mosquito bites you but does no damage.
The vampire mosquito closely misses you.
The vampire mosquito barely misses you.
You bludgeon the vampire mosquito!!
You destroy the vampire mosquito!
Okawaru accepts your kill.
The vampire mosquito bites you but does no damage.
The vampire mosquito barely misses you.
Your base Fighting skill increases to level 5!
You miss the vampire mosquito.
The vampire mosquito bites you but does no damage.
The vampire mosquito closely misses you.
You thump the vampire mosquito! Your punch misses the vampire mosquito.
The vampire mosquito is moderately damaged.
The vampire mosquito bites you.
* * * LOW HITPOINT WARNING * * *
The vampire mosquito draws strength from your injuries!
The vampire mosquito bites you.
* * * LOW HITPOINT WARNING * * *
The vampire mosquito draws strength from your injuries!
Huge Dmg: -7%(-8hp) hp: 7%(8hp)
You sock the vampire mosquito!
The vampire mosquito is severely damaged.
The vampire mosquito closely misses you.
The vampire mosquito bites you.
* * * LOW HITPOINT WARNING * * *
The vampire mosquito draws strength from your injuries!
Huge Dmg: -3%(-4hp) hp: 4%(4hp)
You closely miss the vampire mosquito.
The vampire mosquito is severely damaged.
The vampire mosquito closely misses you. x2
You bludgeon the vampire mosquito!!
You destroy the vampire mosquito!
Okawaru accepts your kill. The vampire mosquito bites you.
You die... #.. #oo

#.. ##.o #...
##...## #.....###
##y..## ##@†...#
##..†...##
##........##
##..))......##
#...)........##
#.........##..##
#
#.........###..##
###. #........##
##..##....
#......###
##.......


You could see a vampire mosquito.

Vanquished Creatures
  3 vampire mosquitoes (D:5)
  A water moccasin (D:5)
  A phantom (D:4)
  2 scorpions
  A hound (D:4)
  3 orc priests (D:5)
  2 iguanas
  2 orc wizards
  2 gnolls (D:3)
  6 adders
  A shadow imp (D:5)
  A worm (D:2)
  2 dart slugs
  17 orcs
  9 ball pythons
  5 bats
  7 endoplasms
  5 giant cockroaches
  7 hobgoblins
  3 jackals (D:3)
  4 quokkas
  5 frilled lizards
  9 goblins
  7 kobolds
  7 rats
112 creatures vanquished.

Notes
Turn   | Place    | Note
-------+----------+-------------------------------------------
     0 | D:1      | Lexodia the Ogre Gladiator began the quest for the Orb.
     0 | D:1      | Reached XP level 1. HP: 22/22 MP: 1/1
    59 | D:1      | Huge Dmg: 5 dmg
   224 | D:1      | Reached XP level 2. HP: 29/29 MP: 2/2
   239 | D:2      | Huge Dmg: 6 dmg
   241 | D:2      | Reached skill level 3 in Maces & Flails
   343 | D:2      | Huge Dmg: 8 dmg
   430 | D:2      | Found an iron altar of Okawaru.
   439 | D:2      | Huge Dmg: 5 dmg
   440 | D:2      | Huge Dmg: 4 dmg
   447 | D:2      | Huge Dmg: 3 dmg
   448 | D:2      | Became a worshipper of Warmaster Okawaru
   449 | D:2      | Huge Dmg: 3 dmg
   463 | D:2      | Reached XP level 3. HP: 13/37 MP: 3/3
  1170 | D:2      | Found a faded altar of an unknown god.
  1735 | D:1      | Reached XP level 4. HP: 42/45 MP: 4/4
  2819 | D:3      | Reached skill level 4 in Maces & Flails
  2862 | D:3      | Found a runed translucent door.
  2873 | D:3      | Noticed vurker's ghost (weakling FeAE)
  2911 | D:4      | Huge Dmg: 7 dmg
  2915 | D:4      | Huge Dmg: 4 dmg
  3019 | D:3      | Reached XP level 5. HP: 44/53 MP: 5/5
  3123 | D:3      | Huge Dmg: 8 dmg
  3124 | D:3      | Huge Dmg: 5 dmg
  3125 | D:3      | Huge Dmg: 7 dmg
  3132 | D:3      | HP: 2/53 [gnoll/+0 halberd (12)]
  3134 | D:4      | Huge Dmg: 12 dmg
  3364 | D:4      | Huge Dmg: 12 dmg
  3369 | D:4      | Huge Dmg: 11 dmg
  3375 | D:4      | Huge Dmg: 5 dmg
  3395 | D:4      | Huge Dmg: 2 dmg
  3557 | D:4      | Reached * piety under Okawaru
  3558 | D:4      | Reached skill level 5 in Maces & Flails
  3558 | D:4      | Reached XP level 6. HP: 33/61 MP: 6/6
  3724 | D:4      | Found a sparkling altar of Nemelex Xobeh.
  4296 | D:4      | Huge Dmg: 9 dmg
  4301 | D:4      | Reached skill level 1 in Invocations
  4301 | D:4      | Huge Dmg: 6 dmg
  4725 | D:5      | Entered Level 5 of the Dungeon
  4736 | D:5      | Found Woosa's Weapon Shop.
  4769 | D:5      | Huge Dmg: 13 dmg
  4788 | D:5      | Reached XP level 7. HP: 38/67 MP: 6/8
  4963 | D:5      | Identified the +7 flail of Yesterday {spect, rF+ rN+
                  | Stlth+}
  5070 | D:5      | Found a bloodstained altar of Trog.
  5339 | D:5      | Reached ** piety under Okawaru
  5434 | D:5      | Reached skill level 6 in Maces & Flails
  5451 | D:5      | Noticed a vampire mosquito
  5452 | D:5      | Noticed a vampire mosquito
  5455 | D:5      | Huge Dmg: 21 dmg
  5458 | D:5      | Noticed a vampire mosquito
  5459 | D:5      | Huge Dmg: 19 dmg
  5460 | D:5      | Noticed a vampire mosquito
  5463 | D:5      | Killed a vampire mosquito
  5464 | D:5      | Reached XP level 8. HP: 40/79 MP: 6/9
  5466 | D:5      | Huge Dmg: 9 dmg
  5467 | D:5      | Huge Dmg: 11 dmg
  5473 | D:5      | Reached skill level 5 in Fighting
  5475 | D:5      | Huge Dmg: 8 dmg
  5475 | D:5      | HP: 4/120 [vampire mosquito (4)]
  5476 | D:5      | Huge Dmg: 4 dmg
  5477 | D:5      | Slain by a vampire mosquito

Illustrated notes

Levels and vault maps discovered:
D:1:      elethiomel_arrival_maze, layout_loops_ring, serial_rivers,
          chequers_serial_rivers_room_a, chequers_serial_rivers_marsh,
          chequers_serial_rivers_room_b, chequers_serial_rivers_small_b,
          serial_park_tiny_2, serial_bayou_ford_a
D:2:      layout_loops_corners, basic_altar, dreamdust_ecumenical_altar_statues
D:3:      kennysheep_six_static_rooms, layout_loops_ring,
          nicolae_vehumet_altar_sigil, ebering_ghost_inner_flame
D:4:      minmay_opposing_rooms, layout_gridville,
          nemelex_xobeh_ov_fountains_minmay, minmay_fractal_squares_5
D:5:      layout_cave_pods, zin_treasury, amcnicky_altar_gilded, serial_shops,
          nicolae_shop_bloodbath_and_beyond

Skill      XL: |  1  2  3  4  5  6  7  8 |
---------------+-------------------------+-----
Fighting       | 3 4 5 |  5.1
Maces & Flails | 3 4 5 6 |  6.6
Dodging        | 3 |  3.0
Throwing       | 3 4 |  4.9
Invocations    | 1 2 |  2.0

Action                     |  1- 3 |  4- 6 |  7- 9 || total
---------------------------+-------+-------+-------++-------
  Melee: Flail             |   116 |   215 |    77 ||   408
         Punch             |     4 |     2 |     3 ||     9
  Throw: Stone             |       |    28 |    20 ||    48
 Invoke: Heroism           |       |       |     1 ||     1
  Evoke: Wand              |       |       |     7 ||     7
    Use: Potion            |       |     1 |     3 ||     4
   Stab: Sleeping          |       |     1 |       ||     1
 Armour: Robe              |    39 |   124 |    34 ||   197
  Dodge: Dodged            |    63 |   195 |    77 ||   335

Table legend: (Time is in decaauts)
 A = Elapsed time spent in this place.
 B = Non-inter-level travel time spent in this place.
 C = Inter-level travel time spent in this place.
 D = Time resting spent in this place.
 E = Time spent auto-exploring this place.
 F = Levels seen in this place.
 G = Mean time per level.
                   A        B        C        D        E       F      G
               +--------+--------+--------+--------+--------+-----+--------+
         Total |   5535 |   5434 |    101 |     69 |   4376 |   5 | 1107.0 |
       Dungeon |   5535 |   5434 |    101 |     69 |   4376 |   5 | 1107.0 |
               +--------+--------+--------+--------+--------+-----+--------+

Top non-repeatable levels by time:
     D:4: 1709 daAuts
     D:2: 1540 daAuts
     D:1: 1160 daAuts
     D:5: 747 daAuts
     D:3: 377 daAuts
